 Dungeon Crawl Stone Soup version 0.23.0 (webtiles) character file.

Game seed: 9149770410751381103

116 LostNumber the Poker (level 5, -4/41 HPs)
             Began as a Formicid Skald on Feb 15, 2019.
             Killed by divine providence
             ... invoked by an orc priest
              (14 damage)
             ... on level 2 of the Dungeon.
             The game lasted 00:03:08 (1635 turns).

LostNumber the Poker (Formicid Skald)               Turns: 1635, Time: 00:03:08

Health: -4/41      AC:  4    Str: 17    XL:     5   Next: 20%
Magic:  6/8        EV: 11    Int: 12    God:
Gold:   78         SH:  0    Dex: 10    Spells: 2/8 levels left

rFire    . . .     SeeInvis +   a - +0 spear
rCold    . . .     Gourm    .   (no shield)
rNeg     . . .     Faith    .   c - +1 leather armour {MR+}
rPois    .         Spirit   .   (helmet unavailable)
rElec    .         Reflect  .   (no cloak)
rCorr    .         Harm     .   (no gloves)
MR       +....                  (no boots)
Stlth    +.........             (no amulet)
HPRegen  0.13/turn              (no ring)
MPRegen  0.11/turn              (no ring)

@: infused (expiring)
A: permanent stasis, dig shafts and tunnels, four strong arms, antennae 3
a: Dig, Shaft Self


You were on level 2 of the Dungeon.
You were hungry.

You visited 1 branch of the dungeon, and saw 2 of its levels.

You collected 78 gold pieces.

Inventory:

Hand Weapons
 a - a +0 spear (weapon)
Armour
 b - a +0 leather armour
 c - a +1 leather armour of magic resistance (worn)
   (You took it off an orc on level 1 of the Dungeon)
 d - a +0 ring mail
   (You found it on level 1 of the Dungeon)
Jewellery
 o - an uncursed ring of wizardry {unknown}
   (You found it on level 2 of the Dungeon)
Wands
 u - a wand of paralysis (10)
   (You found it on level 2 of the Dungeon)
Scrolls
 g - a scroll of enchant weapon {unknown}
 h - a scroll of random uselessness {unknown}
 i - a scroll of noise {unknown}
 l - 4 scrolls of identify {unknown}
 p - a scroll of remove curse {unknown}
 q - a scroll of teleportation {unknown}
Potions
 j - a potion of heal wounds {unknown}
 k - 2 potions of brilliance {unknown}
 m - a potion of haste {unknown}
 n - a potion of berserk rage {unknown}
Comestibles
 e - 5 rations {!d}


   Skills:
 + Level 3.3 Fighting
 * Level 3.8 Polearms
 - Level 1.1 Armour
 - Level 1.7 Dodging
 - Level 2.1 Spellcasting
 + Level 3.6 Charms


You had 2 spell levels left.
You knew the following spells:

 Your Spells              Type           Power        Failure   Level  Hunger
a - Infusion              Chrm           ##..         7%          1    ##.....
e - Regeneration          Chrm/Necr      #.........   41%         3    ####...
q - Shroud of Golubria    Chrm/Tloc      #.........   22%         2    ###....

Your spell library contained the following spells:

 Spells                   Type           Power        Failure   Level  Hunger
 Song of Slaying          Chrm           ##......     11%         2    ###....
 Spectral Weapon          Hex/Chrm       #.......     41%         3    ####...


Dungeon Overview and Level Annotations

Branches:
Dungeon (2/15)

Altars:


Innate Abilities, Weirdness & Mutations

You cannot be hasted, slowed, berserked, paralysed or teleported.
You can dig through walls and to a lower floor.
Your four strong arms can wield two-handed weapons with a shield.
You have a pair of large antennae on your head. (SInv)


Message History

You resist with some effort. The orc misses you.
There is a stone staircase leading up here.
You closely miss the orc.
You feel sick.
The orc hits you with a +2 dagger of venom.
You are more poisoned.
You hit the orc!
You kill the orc!
You feel sick.
You hit the orc priest but do no damage.
You feel sick.
The orc priest invokes the aid of Beogh against you.
Beogh smites you!
You hit the orc priest but do no damage.
You feel sick.
The orc priest looks satisfied for a moment.
You barely miss the orc priest.
You feel sick.
The orc priest mumbles some strange prayers to Beogh against you.
Beogh smites you!
* * * LOW HITPOINT WARNING * * *
It was a potion of curing.
You feel better.
The orc priest hits you with a +0 short sword.
* * * LOW HITPOINT WARNING * * *
Okay, then.
Unknown command.
You hit the orc priest but do no damage.
The orc priest hits you with a +0 short sword.
* * * LOW HITPOINT WARNING * * *
Unknown command.
You barely miss the orc priest. You hit the orc priest.
The orc priest hits you but does no damage.
You hit the orc priest but do no damage.
The orc priest miscasts a cantrip.
You closely miss the orc priest.
Your magical infusion is running out.
The orc priest completely misses you.
You hit the orc priest.
The orc priest mumbles some strange prayers to Beogh against you.
Pain shoots through your body!
* * * LOW HITPOINT WARNING * * *
You closely miss the orc priest.
The orc priest mumbles some strange prayers to Beogh against you.
Beogh smites you!
* * * LOW HITPOINT WARNING * * *
You feel better. The orc priest misses you.
Unknown command.
You barely miss the orc priest.
The orc priest invokes the aid of Beogh against you.
Beogh smites you!
You die...

#. .. ....##. ##...#
..##.............#.# #...#
#.##..#..#.......#.# #...# #
#.##..#..#.........####os.#
###..#..#..##........#...####
...#....#..##.............##
...............#...........#
##...........#.............#
#.#....(......)@o.........#
#..........##.)..........##
#####......######.......##
#.......(†######....#
#.......##....#####..#
#.#..................#
...#.....########.###.#
.........# #.....# ###.....#
#######


You could see an orc priest.

Vanquished Creatures
  An orc wizard (D:1)
  2 adders
  A shadow imp (D:2)
  An ooze (D:1)
  A dart slug (D:1)
  2 leopard geckos
  4 orcs
  5 bats
  5 giant cockroaches
  5 goblins
  5 hobgoblins
  2 jackals (D:1)
  2 kobolds
  A quokka (D:2)
  3 frilled lizards
  7 rats
47 creatures vanquished.

Notes
Turn   | Place    | Note
-------+----------+-------------------------------------------
     0 | D:1      | LostNumber the Formicid Skald began the quest for the Orb.
     0 | D:1      | Reached XP level 1. HP: 16/16 MP: 3/3
    85 | D:1      | Reached XP level 2. HP: 18/23 MP: 5/5
   151 | D:1      | Learned a level 2 spell: Shroud of Golubria
   303 | D:1      | Reached XP level 3. HP: 27/28 MP: 6/6
   914 | D:1      | Learned a level 3 spell: Regeneration
  1000 | D:2      | Reached XP level 4. HP: 32/35 MP: 7/7
  1326 | D:1      | Reached XP level 5. HP: 25/41 MP: 5/8
  1633 | D:2      | HP: 1/41 [orc priest/divine providence (11)]
  1635 | D:2      | Killed from afar by an orc priest

Skill      XL: |  1  2  3 |
---------------+----------+-----
Polearms       | 3 |  3.8
Fighting       | 3 |  3.3
Armour         | |  1.1
Dodging        | |  1.7
Spellcasting   | |  2.1
Charms         | |  3.6

Action                   |  1- 3 |  4- 6 || total
-------------------------+-------+-------++-------
Melee: Spear             |    97 |   103 ||   200
 Cast: Infusion          |     1 |     5 ||     6
  Use: Potion            |       |     2 ||     2
  Eat: Chunk             |       |     2 ||     2
Armor: Leather armour    |     1 |       ||     1
       Ring mail         |    33 |    28 ||    61
Dodge: Dodged            |    47 |    49 ||    96
